 Dungeon Crawl Stone Soup version 0.19-a0-1168-g98094fc (webtiles) character file.

220 Ijustatesigmund the Cudgeler (level 5, -4/43 HPs)
             Began as a Demonspawn Fighter on Aug 15, 2016.
             Slain by an orc warrior
             ... wielding a +0 glaive
              (6 damage)
             ... on level 4 of the Dungeon.
             The game lasted 00:07:27 (3225 turns).

Ijustatesigmund the Cudgeler (Demonspawn Fighter)   Turns: 3225, Time: 00:07:28

Health: -4/43      AC: 15    Str: 22    XL:     5   Next: 64%
Magic:  5/5        EV:  6    Int:  9    God:
Gold:   119        SH: 11    Dex: 13    Spells: 0 memorised, 4 levels left

rFire  . . .     SeeInvis .     a - +1 flail
rCold  . . .     Gourm    .     b - +0 plate armour (curse)
rNeg   . . .     Faith    .     c - +0 shield
rPois  .         Spirit   .     (no helmet)
rElec  .         Dismiss  .     l - +1 cloak
rCorr  .         Reflect  .     (no gloves)
MR     .....     Harm     .     (no boots)
Stlth  ..........               (no amulet)
                                v - +2 ring of evasion
                                (no ring)

@: mighty
A: large bone plates 1, powered by death 2
a: no special abilities


You were on level 4 of the Dungeon.
You were not hungry.

You visited 1 branch of the dungeon, and saw 4 of its levels.

You collected 119 gold pieces.

Inventory:

Hand Weapons
 a - a +1 flail (weapon)
Armour
 b - a cursed +0 plate armour (worn)
 c - a +0 shield (worn)
 j - a +0 chain mail
 l - a +1 cloak (worn)
Jewellery
 v - a +2 ring of evasion (right hand)
Wands
 t - a wand of enslavement (5/24)
Scrolls
 i - 2 scrolls of remove curse
 w - a scroll of enchant weapon
 C - 2 scrolls of enchant armour
Potions
 e - a potion of lignification
 g - a potion of curing
 h - a potion of agility {unknown}
 k - a potion of magic
 o - 2 potions of flight
 s - a potion of ambrosia {unknown}
 x - a potion of cure mutation {unknown}
 A - a potion of degeneration {unknown}
Books
 p - a book of Burglary

   Spells                             Type                      Level
   a - Swiftness                      Charms/Air                   2
   b - Passwall                       Transmutation/Earth          2
   c - Passage of Golubria            Translocation                4
   d - Lee's Rapid Deconstruction     Earth                        5
   e - Darkness                       Hexes                        6
   f - Invisibility                   Hexes                        6
Comestibles
 f - 4 bread rations
 q - a meat ration
 B - a slice of pizza


   Skills:
 - Level 4.3 Fighting
 - Level 4.3 Maces & Flails
 + Level 2.8 Armour
 + Level 0.3 Dodging
 + Level 2.8 Shields


You had 4 spell levels left.
You didn't know any spells.

Dungeon Overview and Level Annotations

Branches:
Dungeon (4/15)
 Temple: D:4-7

Altars:
Ashenzari
Ru


Innate Abilities, Weirdness & Mutations

You are partially covered in large bone plates. (AC +2, SH +2)
You regenerate health from kills.


Message History

* * * LOW HITPOINT WARNING * * *
You barely miss the orc priest. You block the orc priest's attack.
You block the orc's attack.
The orc warrior hits you but does no damage.
You hit the orc priest.
The orc priest is moderately wounded.
You block the orc priest's attack. You block the orc's attack.
The orc warrior barely misses you.
You bludgeon the orc priest!!
You kill the orc priest!
You block the orc's attack.
Your shield and plate armour prevent you from hitting the orc warrior.
The orc hits you but does no damage. You block the orc warrior's attack.
You block the orc's attack.
You closely miss the orc warrior. You block the orc warrior's attack.
The orc hits you with a whip.
* * * LOW HITPOINT WARNING * * *
Your plate armour prevents you from hitting the orc warrior.
The orc warrior hits you with a glaive.
You die...

,++≈≈≈≈,,,......#.#*,...##.....##
≈≈≈≈*≈≈,,.......#.#######.8...8.#
≈,⌠≈*,,,,...........,,##.#.....#.
≈_>≈*,,,,.......#..####...8...8..
≈≈≈≈≈,,,,.......#...#.'..........
≈*≈**≈,,...#..........#...8...8..
,,≈≈≈,,.........#.#.#.##.#.....#.
,,,,,,,.........#.#.#..##.8...8.#
,,,,,,,,.......)@.......##.....##
**,,,,,,.......oo........##...##.
**,,,,,,*##....##.##.....###+##..
<,,,,,,####....##.##.............
,,,*,,,..........................
,,,,,,,,....##.##............##..
,*,,,,,......................##..
,*,,,,,..............#...........
,*,,**#..............#..#........


You could see an orc warrior and an orc.

Vanquished Creatures
  An orc priest (D:4)
  A hound (D:4)
  A hound skeleton (D:4)
  8 adders
  A worm (D:2)
  2 dart slugs
  3 giant geckos
  An orc (D:3)
  3 giant cockroaches (D:2)
  7 goblins
  5 hobgoblins
  5 jackals (D:3)
  9 kobolds
  A ball python (D:2)
  9 bats
  5 giant newts
  10 rats
72 creatures vanquished.

Notes
Turn   | Place    | Note
-------+----------+-------------------------------------------
     0 | D:1      | Ijustatesigmund the Demonspawn Fighter began the quest for the Orb.
     0 | D:1      | Reached XP level 1. HP: 18/18 MP: 1/1
   126 | D:1      | Gained mutation: You regenerate a little health from kills. [demonic ancestry]
   126 | D:1      | Reached XP level 2. HP: 14/24 MP: 2/2
   995 | D:2      | Gained mutation: You are partially covered in large bone plates. (AC +2, SH +2) [demonic ancestry]
   995 | D:2      | Reached XP level 3. HP: 24/29 MP: 3/3
  1550 | D:2      | Found a sacrificial altar of Ru.
  1667 | D:2      | Reached XP level 4. HP: 34/37 MP: 4/4
  2388 | D:3      | Found a shattered altar of Ashenzari.
  2836 | D:3      | Gained mutation: You regenerate health from kills. [demonic ancestry]
  2836 | D:3      | Reached XP level 5. HP: 36/42 MP: 5/5
  3151 | D:4      | Noticed a centaur
  3208 | D:4      | Noticed an orc warrior
  3219 | D:4      | HP: 1/43 [orc warrior/glaive (9)]
  3224 | D:4      | HP: 1/43 [orc/whip (3)]
  3225 | D:4      | Slain by an orc warrior

Vault maps used:
D:1:      matt_arrival_spirals, serial_forest, infiniplex_forest_lined_room_2,
          infiniplex_forest_lined_ring, infiniplex_forest_clump_medium,
          infiniplex_forest_lined_room_2, infiniplex_forest_straight_2,
          infiniplex_forest_end_1, infiniplex_forest_corner_1
D:2:      nicolae_ru_the_path_less_chosen
D:3:      first_bread, ashenzari_altar_1
D:4:      dk_noncrumbling_3, wad_floor_pattern_untrapped,
          hangedman_abyss_or_decor_stabs, hangedman_decor_riveting,
          nicolae_qazlal_general_emergency

Skill      XL: |  1  2  3  4  5 |
---------------+----------------+-----
Maces & Flails | 2 3 4 |  4.3
Fighting       | 4 |  4.3
Armour         | |  2.8
Dodging        | |  0.3
Shields        | |  2.8

Action                   |  1- 3 |  4- 6 || total
-------------------------+-------+-------++-------
Melee: Flail             |   119 |   137 ||   256
  Use: Scroll            |     6 |     8 ||    14
       Potion            |       |     2 ||     2
  Eat: Chunk             |     2 |     6 ||     8
Armor: Scale mail        |    49 |       ||    49
       Chain mail        |    13 |    95 ||   108
       Plate armour      |       |    17 ||    17
Dodge: Dodged            |    31 |    42 ||    73
Block: Shield            |    60 |    86 ||   146
